 Dungeon Crawl Stone Soup version 0.31.0-11-ge490571c62 (webtiles) character file.

Game seed: 5745484456334233324

0 Flugkiller the Ruffian (level 1, 0/15 HPs)
             Began as a Demigod Shapeshifter on Jan 30, 2024.
             Frozen to death by an endoplasm (5 damage)
             ... on level 1 of the Dungeon.
             The game lasted 00:00:05 (41 turns).

Flugkiller the Ruffian (Demigod Shapeshifter)         Turns: 41, Time: 00:00:05

Health: 0/15       AC:  2    Str: 15    XL:     1   Next: 6%
Magic:  3/3        EV: 12    Int: 12    God:
Gold:   0          SH:  0    Dex: 13    Spells: 0/0 levels left

rFire   . .          .
                       - Unarmed
rCold   . . .        (no shield)
rNeg    . . .        a - +0 animal skin
rPois   .            (helmet currently unavailable)
rElec   .            (cloak currently unavailable)
rCorr   .            (gloves currently unavailable)
SInv    .            (boots currently unavailable)
Will    .....        (no amulet)
Stlth   +            (no ring)
HPRegen 0.22/turn    (no ring)
MPRegen 0.08/turn

%: no passive effects
@: beast-form
A: beast (slay +1), high MP 1, forlorn, divine attributes
a: Begin Untransformation


You were on level 1 of the Dungeon.
You were a hulking beast.
You visited 1 branch of the dungeon, and saw 1 of its levels.

Inventory:

Armour
 a - a +0 animal skin (worn)
Talismans
 c - a beast talisman
 d - a flux talisman
Potions
 b - a potion of lignification


   Skills:
 + Level 0.9 Fighting
 - Level 1.7 Dodging
 + Level 2.7 Unarmed Combat
 + Level 2.7 Shapeshifting


You couldn't memorise any spells.
You didn't know any spells.
Your spell library was empty.

Dungeon Overview and Level Annotations

Branches:
Dungeon (1/15) Zot: 5958


Innate Abilities, Weirdness & Mutations

You are a hulking beast.
Your limbs bulge with bestial killing power. (Slay +1)
You have an increased reservoir of magic. (+10% MP)
You shall have no god before yourself.
Your divine heritage dramatically boosts your attributes as you level up.


Message History

Welcome, Flugkiller the Demigod Shapeshifter.
Will you prevail where others failed? Will you find the Orb of Zot?
Press ? for a list of commands and other information.
Found two stairs.
You open the door.
There is an open door here.
Found a chain mail.
A ball python comes into view.
A ball python is nearby!
An endoplasm comes into view.
Found a pair of gloves.
A ball python comes into view.
The ball python hisses angrily.
The endoplasm quivers.
You hit the endoplasm.
The endoplasm is lightly wounded.
The ball python bites you but does no damage.
The ball python grabs you. The ball python constricts you.
The endoplasm hits you.
You hit the ball python.
The ball python is severely wounded.
The ball python bites you but does no damage. x2
The ball python constricts you.
You closely miss the ball python.
The ball python is severely wounded.
The endoplasm freezes you.
You are frozen.
The ball python bites you but does no damage.
The ball python closely misses you. The ball python constricts you.
You are too injured to fight recklessly!
You are too injured to fight recklessly!
You are too injured to fight recklessly!
You are too injured to fight recklessly!
You are too injured to fight recklessly!
You are too injured to fight recklessly!
You are too injured to fight recklessly!
You are too injured to fight recklessly!
You are too injured to fight recklessly!
You are too injured to fight recklessly!
You are too injured to fight recklessly!
You escape the ball python's grasp.
The ball python attacks as it pursues you!
The ball python closely misses you. The ball python grabs you.
The ball python constricts you.
You escape the ball python's grasp.
The ball python attacks as it pursues you!
The ball python bites you. The ball python barely misses you.
You see here a +0 chain mail.
The endoplasm attacks as it pursues you!
The endoplasm barely misses you.
The ball python attacks as it pursues you!
The ball python misses you. The ball python barely misses you.
The ball python bites you. The ball python grabs you.
The ball python constricts you.
You are too injured to fight recklessly!
You punch the ball python!
You kill the ball python!
The endoplasm jiggles.
You are too injured to fight recklessly!
You hit the endoplasm but do no damage.
The endoplasm is lightly wounded.
The endoplasm jiggles.
The endoplasm freezes you.
You are frozen.
* * * LOW HITPOINT WARNING * * *
You are too injured to fight recklessly!
You hit the endoplasm.
The endoplasm is moderately wounded.
The endoplasm freezes you.
You are frozen.
You die...

#.......#
#......#
#......#
#.....##
##.#..#
#.[.[#
####S#
#J# #h#
#.# #.#
#.# #.#
#.# #.#
#.# #.#


You could see an endoplasm and a ball python.

Vanquished Creatures
  A ball python (D:1)
1 creature vanquished.

Notes
Turn   | Place    | Note
-------+----------+-------------------------------------------
     0 | D:1      | Flugkiller the Demigod Shapeshifter began the quest for the
                  | Orb.
     0 | D:1      | Reached XP level 1. HP: 15/15 MP: 3/3
    41 | D:1      | Frozen to death by an endoplasm

Illustrated notes

Levels and vault maps discovered:
D:1:      minmay_arrival_up_and_down, layout_basic, serial_shops,
          nicolae_shop_competitors_out_of_business

Action                     || total
---------------------------++-------
  Melee: Unarmed           ||     6
 Armour: Animal skin       ||     7
  Dodge: Dodged            ||     6
